 Dungeon Crawl Stone Soup version 0.31-a0-237-g2d982f9f85 (webtiles) character file.

Game seed: 15361631568905982651

14 qw the Shooter (level 2, -1/16 HPs)
             Began as a Gargoyle Hexslinger on July 11, 2023.
             Slain by a gnoll
             ... wielding a +0 spear
              (5 damage)
             ... on level 1 of the Dungeon.
             The game lasted 00:00:09 (282 turns).

qw the Shooter (Gargoyle Hexslinger)                 Turns: 282, Time: 00:00:10

Health: -1/16      AC:  4    Str: 11    XL:     2   Next: 45%
Magic:  3/3        EV: 12    Int: 13    God:
Gold:   5          SH:  0    Dex: 12    Spells: 2/3 levels left

rFire   . . .        a - +1 sling
rCold   . . .        (no shield)
rNeg    + . .        c - +0 robe
rPois   inf          (no helmet)
rElec   +            (no cloak)
rCorr   .            (no gloves)
SInv    .            (no boots)
Will    .....        (no amulet)
Stlth   +            (no ring)
HPRegen 0.22/turn    (no ring)
MPRegen 0.08/turn

%: no passive effects
@: no status effects
A: sickness immunity, AC +2, negative energy resistance 1, electricity
resistance, torment resistance 1, petrification resistance
a: no special abilities


You were on level 1 of the Dungeon.
You visited 1 branch of the dungeon, and saw 1 of its levels.

You collected 5 gold pieces.


Innate Abilities, Weirdness & Mutations

You are immune to sickness and miasma.
Your stone body is resilient. (AC +2)
You are immune to poison.
You resist negative energy. (rN+)
You are resistant to electric shocks. (rElec)
You are resistant to unholy torment.
You are immune to petrification.


   Skills:
 + Level 1.2 Fighting
 - Level 3.0 Ranged Weapons
 - Level 1.5 Dodging
 - Level 1.0 Spellcasting
 - Level 2.6 Hexes


You had 2 spell levels left.
You knew the following spells:

 Your Spells              Type           Power      Damage    Failure   Level
a - Slow                  Hex            28%        N/A       10%         1

Your spell library contained the following spells:

 Spells                   Type           Power      Damage    Failure   Level
 Inner Flame              Hex/Fire       4%         N/A       43%         3
 Portal Projectile        Hex/Tloc       8%         N/A       43%         3
 Cause Fear               Hex            3%         N/A       67%         4

Inventory:

Hand Weapons
 a - a +1 sling (weapon)
Armour
 c - a +0 robe (worn)
 d - a +0 ring mail
 f - a +2 helmet
Scrolls
 b - a scroll of poison
 e - a scroll of blinking {unknown}
 g - a scroll of teleportation {unknown}

Dungeon Overview and Level Annotations

Branches:
Dungeon (1/15)

Altars:

Shops:
D:1 (


Message History

A kobold comes into view. It is wielding a +0 dagger.
You shoot a sling bullet.
The sling bullet closely misses the gnoll.
The kobold shouts!
You shoot a sling bullet.
The sling bullet closely misses the gnoll.
A quokka comes into view.
The quokka moves out of view.
You shoot a sling bullet.
The sling bullet closely misses the gnoll.
You shoot a sling bullet. The sling bullet hits the gnoll.
The gnoll is moderately wounded.
The gnoll completely misses you.
The gnoll hits you from afar with a +0 spear.
You shoot a sling bullet.
The sling bullet hits the gnoll but does no damage.
The gnoll is moderately wounded.
The gnoll barely misses you.
You shoot a sling bullet. The sling bullet hits the gnoll.
The gnoll is moderately wounded.
The gnoll hits you from afar with a +0 spear.
The kobold completely misses you.
You shoot a sling bullet.
The sling bullet hits the kobold but does no damage.
The gnoll hits you from afar with a +0 spear.
The kobold closely misses you.
You shoot a sling bullet.
The sling bullet closely misses the kobold.
The sling bullet hits the gnoll but does no damage.
The gnoll is moderately wounded.
The gnoll hits you from afar with a +0 spear.
The kobold completely misses you.
The gnoll hits you from afar with a +0 spear.
You shoot a sling bullet. The sling bullet hits the kobold.
You kill the kobold!
The gnoll hits you but does no damage.
You shoot a sling bullet. The sling bullet hits the gnoll.
The gnoll is heavily wounded.
The gnoll hits you from afar with a +0 spear.
You die...

.# ## #.# #.## .#.
..... #.# #..##
...# ... ).#~####
..# ##..## #....
...###.~~~..# ###
##..# .....
..~..~~~~...# #
#####.. .....
~~~~~.....##.#
##...... #..##~
..... .g...
#..##.## ...## #..#
#).# #.##.#.# .....
#..###@.# #%#[. .%
#..# #..###.......#
#.##. .#
...###........#####
###..##.##
...%....####.##
#.##)..... #..#
##.## #........
...# #...#
##.###... ...#
#...# ##.##### .#.#
#...# #####.# ##
.#.# #####...#####
#....##..>


You could see a gnoll.

Vanquished Creatures
  2 ball pythons (D:1)
  A hobgoblin (D:1)
  A quokka (D:1)
  A bat (D:1)
  3 goblins (D:1)
  A kobold (D:1)
  6 rats (D:1)
15 creatures vanquished.

Notes
Turn   | Place    | Note
-------+----------+-------------------------------------------
     0 | D:1      | qw the Gargoyle Hexslinger began the quest for the Orb.
     0 | D:1      | Reached XP level 1. HP: 12/12 MP: 2/2
     0 | D:1      | 0 ||| qw: Version: 0.3-a-52-g30416fa
     0 | D:1      | 0 ||| qw: Game counter: 5536
     0 | D:1      | 0 ||| qw: Melee chars always use a shield: true
     0 | D:1      | 0 ||| qw: God list: Okawaru
     0 | D:1      | 0 ||| qw: Allow faded altars: false
     0 | D:1      | 0 ||| qw: Do Orc after clearing Dungeon:15 true
     0 | D:1      | 0 ||| qw: Do second Lair branch before Depths: true
     0 | D:1      | 0 ||| qw: Lair rune preference: random
     0 | D:1      | 0 ||| qw: Goals: Normal
     0 | D:1      | 0 ||| PLANNING D:1-11
    74 | D:1      | Found Fautseta's Weapon Emporium.
    87 | D:1      | 87 ||| SHOPLISTING +0 orcbow of flaming (99 gold, have 0).
    95 | D:1      | Reached XP level 2. HP: 16/16 MP: 3/3
   203 | D:1      | Reached skill level 3 in Ranged Weapons
   280 | D:1      | HP: 4/16 [gnoll/+0 spear (1)]
   282 | D:1      | Slain by a gnoll

Levels and vault maps discovered:
D:1:      dpeg_arrival_arbitrary_c, layout_loops_cross, serial_shops,
          nicolae_shop_bloodbath_and_beyond, chequers_serial_rivers_small_a,
          minmay_misc_feat_diagonals, minmay_ruptured

Skill      XL: |  1  2 |
---------------+-------+-----
Ranged Weapons | 3 |  3.0
Fighting       | |  1.2
Dodging        | |  1.5
Spellcasting   | |  1.0
Hexes          | |  2.6

Action                     || total
---------------------------++-------
   Fire: Sling             ||    47
 Armour: Robe              ||     3
  Dodge: Dodged            ||     8

Table legend:
 A = Non-vault XP
 B = Vault XP
 C = Vault XP percentage of total XP
 D = Non-vault monster count
 E = Vault monster count
 F = Vault count percentage of total count
                 A         B        C        D         E       F
            +---------+---------+-------+---------+---------+-------
      Total |      18 |       3 |  14.3 |      13 |       2 |  13.3
            +---------+---------+-------+---------+---------+-------
        D:1 |      18 |       3 |  14.3 |      13 |       2 |  13.3
            +---------+---------+-------+---------+---------+-------
